 Dungeon Crawl Stone Soup version 0.28.0-43-g3370ac3207 (webtiles) character file.

Game seed: 10445747776852354251

416 fknight the Poker (level 6, -3/78 (79) HPs)
             Began as a Gnoll Berserker on Mar 13, 2022.
             Was a Believer of Trog.
             Slain by a wight
             ... wielding a +0 flail
              (9 damage)
             ... on level 4 of the Dungeon.
             The game lasted 00:09:49 (3186 turns).

fknight the Poker (Gnoll Berserker)                 Turns: 3186, Time: 00:09:50

HP:   -3/78 (79)    AC:  6    Str: 18    XL:     6   Next: 92%
MP:   8/9           EV: 12    Int:  7    God:    Trog [**....]
Gold: 134           SH:  0    Dex: 11    Spells: 9/9 levels left

rFire   . . .      SeeInvis .   a - +0 spear
rCold   . . .      Faith    .   (no shield)
rNeg    . . .      Spirit   .   j - +0 ring mail
rPois   .          Reflect  .   (no helmet)
rElec   .          Harm     .   (no cloak)
rCorr   +          Rampage  .   (no gloves)
Will    .....                   (no boots)
Stlth   ..........              (no amulet)
HPRegen 0.23/turn               x - ring of resist corrosion
MPRegen 0.11/turn               (no ring)

@: berserking (expiring), lightly drained, very quick
A: fangs 1, strong nose, distributed training
a: Renounce Religion, Berserk, Trog's Hand


You were on level 4 of the Dungeon.
You worshipped Trog.
Trog was pleased with you.
You visited 1 branch of the dungeon, and saw 4 of its levels.

You collected 134 gold pieces.

Inventory:

Hand Weapons
 a - a +0 spear (weapon)
 m - a +0 hand crossbow
 y - a +1 dagger of venom
 A - a +0 hunting sling of flaming
Missiles
 l - 68 stones (quivered)
 q - 9 sling bullets
Armour
 j - a +0 ring mail (worn)
Jewellery
 x - a ring of resist corrosion (left hand)
Scrolls
 d - a scroll of blinking {unknown}
 f - a scroll of summoning {unknown}
 g - a scroll of vulnerability {unknown}
 h - a scroll of fog {unknown}
 k - 2 scrolls of amnesia {unknown}
 o - a scroll of immolation {unknown}
 r - 2 scrolls of identify {unknown}
 s - a scroll of silence {unknown}
 z - a scroll of magic mapping {unknown}
Potions
 e - a potion of curing {unknown}
 i - a potion of mutation {unknown}
 n - a potion of ambrosia {unknown}
 p - a potion of lignification {unknown}
 t - a potion of invisibility {unknown}
 u - a potion of berserk rage {unknown}
 v - a potion of might {unknown}


   Skills:
 + Level 6.9 Fighting
 + Level 2.1 Short Blades
 + Level 2.1 Long Blades
 + Level 2.1 Axes
 + Level 2.1 Maces & Flails
 + Level 6.9 Polearms
 + Level 2.1 Staves
 + Level 2.1 Slings
 + Level 2.1 Bows
 + Level 2.1 Crossbows
 + Level 2.1 Throwing
 + Level 5.1 Armour
 + Level 5.1 Dodging
 + Level 2.1 Stealth
 + Level 2.1 Shields
 + Level 2.1 Unarmed Combat
 + Level 2.1 Spellcasting
 + Level 1.7 Conjurations
 + Level 1.7 Hexes
 + Level 1.7 Summonings
 + Level 1.7 Necromancy
 + Level 1.7 Translocations
 + Level 1.7 Transmutations
 + Level 1.7 Fire Magic
 + Level 1.7 Ice Magic
 + Level 1.7 Air Magic
 + Level 1.7 Earth Magic
 + Level 1.7 Poison Magic
 + Level 2.4 Invocations
 + Level 2.1 Evocations


You had 9 spell levels left.
You didn't know any spells.
Your spell library was empty.

Dungeon Overview and Level Annotations

Branches:
Dungeon (4/15)
 Temple: D:4-7

Altars:

Shops:
D:2 (


Innate Abilities, Weirdness & Mutations

You have very sharp teeth.
Your uncanny sense of smell can sniff out nearby items.
Your experience applies equally to all skills.


Message History

The wight is almost destroyed.
The wight hits you from afar with a +0 spear.
* * * LOW HITPOINT WARNING * * *
You hit the wight but do no damage. Your bite misses the wight.
The wight is almost destroyed.
The wight barely misses you.
You barely miss the wight.
The wight is almost destroyed.
The wight hits you with a +0 flail.
* * * LOW HITPOINT WARNING * * *
The wight misses you.
You hit the wight.
You destroy the wight!
Trog accepts your kill.
You hit the wight but do no damage. You bite the wight.
The wight is moderately damaged.
The wight hits you but does no damage.
The wight hits you from afar with a +0 spear.
* * * LOW HITPOINT WARNING * * *
You puncture the wight!
You destroy the wight!
Trog accepts your kill.
Reach: a) +0 spear
Press: ? - help, Dir - move target, f - wight
Aim: a wight, wielding a +0 flail and wearing a +0 robe (about 35% to evade your +0 spear)
You closely miss the wight. You bite the wight.
The wight is moderately damaged.
The wight misses you. The wight closely misses you.
You barely miss the wight. You bite the wight!
The wight is severely damaged.
The water moccasin skeleton closely misses you.
You closely miss the wight.
The wight is severely damaged.
The wight barely misses you. The wight closely misses you.
You completely miss the wight.
The wight is severely damaged.
Your skin stops crawling.
You feel less strong-willed.
The water moccasin skeleton barely misses you.
The wight hits you with a +0 flail!
You die...

#... .... # #... . ....
#. ##.. . ... #.###
#...#. #.# #...#
#...#####.# #..##
###.......# #....
###....#....## ####...
#.....)#.....###.#.##.
....#)@z##.#...........
... ##Z###.#....##.....
#. #.z.##..##.####....
.∆ ##..#..###..# #....
.............#..##
#...# ...............##
#...# ..o...###......
##... ...... ..##...
#..#. .$.... .. ##.
...#.


You could see 2 wights and a water moccasin skeleton.

Vanquished Creatures
  2 ogres
  3 wights (D:4)
  A gnoll (D:1)
  5 adders
  A worm (D:2)
  A dart slug (D:1)
  2 orcs (D:4)
  5 ball pythons
  2 bats
  11 endoplasms
  A giant cockroach (D:1)
  9 goblins
  5 hobgoblins
  6 kobolds
  4 quokkas
  4 frilled lizards
  7 rats
69 creatures vanquished.

Notes
Turn   | Place    | Note
-------+----------+-------------------------------------------
     0 | D:1      | fknight the Gnoll Berserker began the quest for the Orb.
     0 | D:1      | Reached XP level 1. HP: 23/23 MP: 1/1
    84 | D:1      | Reached XP level 2. HP: 29/29 MP: 2/2
   461 | D:1      | Reached XP level 3. HP: 35/35 MP: 3/3
   558 | D:1      | Found a faded altar of an unknown god.
   956 | D:1      | Reached skill level 1 in Invocations
  1309 | D:2      | Identified the +2 robe of Melancholy {rF+ Str+8 Dex-5
                  | Slay-3}
  1333 | D:2      | Reached skill level 1 in Short Blades
  1333 | D:2      | Reached skill level 1 in Long Blades
  1333 | D:2      | Reached skill level 1 in Axes
  1333 | D:2      | Reached skill level 1 in Maces & Flails
  1333 | D:2      | Reached skill level 1 in Staves
  1333 | D:2      | Reached skill level 1 in Slings
  1333 | D:2      | Reached skill level 1 in Bows
  1333 | D:2      | Reached skill level 1 in Crossbows
  1333 | D:2      | Reached skill level 1 in Throwing
  1333 | D:2      | Reached skill level 1 in Stealth
  1333 | D:2      | Reached skill level 1 in Shields
  1333 | D:2      | Reached skill level 1 in Unarmed Combat
  1333 | D:2      | Reached skill level 1 in Spellcasting
  1333 | D:2      | Reached skill level 1 in Evocations
  1355 | D:2      | Reached XP level 4. HP: 37/41 MP: 5/5
  1693 | D:2      | Found Woaghilone's Weapon Shoppe.
  2031 | D:2      | Reached ** piety under Trog
  2032 | D:2      | Reached skill level 1 in Conjurations
  2032 | D:2      | Reached skill level 1 in Hexes
  2032 | D:2      | Reached skill level 1 in Summonings
  2032 | D:2      | Reached skill level 1 in Necromancy
  2032 | D:2      | Reached skill level 1 in Translocations
  2032 | D:2      | Reached skill level 1 in Transmutations
  2032 | D:2      | Reached skill level 1 in Fire Magic
  2032 | D:2      | Reached skill level 1 in Ice Magic
  2032 | D:2      | Reached skill level 1 in Air Magic
  2032 | D:2      | Reached skill level 1 in Earth Magic
  2032 | D:2      | Reached skill level 1 in Poison Magic
  2581 | D:3      | Noticed an ogre
  2590 | D:3      | Killed an ogre
  2591 | D:3      | Reached XP level 5. HP: 36/47 MP: 5/7
  3013 | D:4      | Noticed an ogre
  3023 | D:4      | Killed an ogre
  3024 | D:4      | Reached XP level 6. HP: 53/53 MP: 8/8
  3134 | D:4      | Reached skill level 5 in Armour
  3134 | D:4      | Reached skill level 5 in Dodging
  3181 | D:4      | HP: 3/75 [wight/+0 spear (6)]
  3186 | D:4      | Slain by a wight

Illustrated notes

Levels and vault maps discovered:
D:1:      zaba_arrival_water, layout_loops_cross,
          hellmonk_ecumenical_altar_slurped_away
D:2:      layout_basic, serial_shops, shop
D:3:      layout_loops_ring
D:4:      layout_cave_pools, serial_rivers, chequers_serial_rivers_large_a,
          chequers_serial_rivers_micro_d, chequers_serial_rivers_micro_c,
          chequers_serial_rivers_micro_d

Skill      XL: |  1  2  3  4  5  6 |
---------------+-------------------+-----
Invocations    | 1 2 |  2.4
Short Blades   | 1 2 |  2.1
Long Blades    | 1 2 |  2.1
Axes           | 1 2 |  2.1
Maces & Flails | 1 2 |  2.1
Staves         | 1 2 |  2.1
Slings         | 1 2 |  2.1
Bows           | 1 2 |  2.1
Crossbows      | 1 2 |  2.1
Throwing       | 1 2 |  2.1
Stealth        | 1 2 |  2.1
Shields        | 1 2 |  2.1
Unarmed Combat | 1 2 |  2.1
Spellcasting   | 1 2 |  2.1
Evocations     | 1 2 |  2.1
Conjurations   | 1 |  1.7
Hexes          | 1 |  1.7
Summonings     | 1 |  1.7
Necromancy     | 1 |  1.7
Translocations | 1 |  1.7
Transmutations | 1 |  1.7
Fire Magic     | 1 |  1.7
Ice Magic      | 1 |  1.7
Air Magic      | 1 |  1.7
Earth Magic    | 1 |  1.7
Poison Magic   | 1 |  1.7
Armour         | 5 |  5.1
Dodging        | 5 |  5.1
Fighting       | |  6.9
Polearms       | |  6.9

Action                   |  1- 3 |  4- 6 || total
-------------------------+-------+-------++-------
Melee: Spear             |   116 |   160 ||   276
       Bite              |     7 |    17 ||    24
       Punch             |     1 |       ||     1
Throw: Stone             |       |     7 ||     7
Invok: Berserk           |     1 |     3 ||     4
       Trog's Hand       |       |     3 ||     3
 Stab: Sleeping          |     3 |       ||     3
Armor: Leather armour    |     5 |       ||     5
       Ring mail         |    11 |    37 ||    48
Dodge: Dodged            |    40 |    57 ||    97
